 Dungeon Crawl Stone Soup version 0.13.0-19-g8e0b589 (webtiles) character file.

162 M4edhros the Sneak (level 4, -1/29 HPs)
             Began as an Octopode Artificer on Oct 25, 2013.
             Slain by a giant cockroach (2 damage)
             ... on Level 4 of the Dungeon.
             The game lasted 00:01:38 (1623 turns).

M4edhros the Sneak (Octopode Artificer)             Turns: 1623, Time: 00:01:38

HP  -1/29        AC  1     Str 10      XL: 4   Next: 72%
MP   6/6         EV 12     Int 15      God:
Gold 63          SH  0     Dex 12      Spells:  0 memorised,  3 levels left

Res.Fire  : . . .   See Invis. : .   k - -1,+1 orc falchion (flame)
Res.Cold  : . . .   Warding    : .   (no shield)
Life Prot.: . . .   Conserve   : .   (helmet restricted)
Res.Poison: .       Res.Corr.  : .   (no amulet)
Res.Elec. : .       Clarity    : .   (no ring)
Sust.Abil.: . .     Spirit.Shd : .   (no ring)
Res.Mut.  : .       Stasis     : .   (no ring)
Res.Rott. : .       Flight     : .   (no ring)
Saprovore : . . .                    (no ring)
                                     (no ring)
                                     (no ring)
                                     (no ring)

@: slightly resistant to hostile enchantments, very stealthy
A: almost no armour, amphibious, 8 rings, constrict 8, camouflage 1, AC +1
a: no special abilities


You were on level 4 of the Dungeon.
You were very hungry.

You visited 1 branch of the dungeon, and saw 4 of its levels.

You collected 43 gold pieces.

Inventory:

Hand weapons
 a - a +0,+0 short sword
 k - a -1,+1 orcish falchion of flaming (weapon)
Magical devices
 b - a wand of flame (14)
 c - a wand of enslavement (14)
 d - a wand of random effects (15)
Comestibles
 f - a bread ration
 j - a pear
Scrolls
 g - a scroll of teleportation {unknown}
 h - a scroll of magic mapping {unknown}
 i - a scroll of blinking {unknown}
Jewellery
 e - an uncursed amulet of guardian spirit {unknown}


   Skills:
 - Level 1.0 Fighting
 - Level 1.0 Short Blades
 - Level 2.0 Dodging
 + Level 6.3 Stealth
 - Level 3.2 Evocations


You had 3 spell levels left.
You didn't know any spells.

Dungeon Overview and Level Annotations

Branches:
Dungeon (4/27)
 Temple: D:4-7

Altars:
Xom

Annotations:
D:4 M4edhros' ghost, average OpAr


Innate Abilities, Weirdness & Mutations

You cannot wear most types of armour.
You are amphibious.
You can wear up to eight rings at the same time.
You can use your tentacles to constrict many enemies at once.
Your skin changes colour to match your surroundings (Stlth).
Your rubbery body absorbs attacks (AC +1).


Message History

Your squeeze misses the iguana.
You constrict the iguana, but do no damage.
The giant cockroach closely misses you. The iguana bites you!
The giant cockroach bites you but does no damage.
The iguana bites you.
You hit the iguana but do no damage. You constrict the iguana.
The giant cockroach bites you. The iguana bites you!
* * * LOW HITPOINT WARNING * * *
The giant cockroach bites you.
* * * LOW HITPOINT WARNING * * *
Unknown command.
You release your grip on the iguana.
The giant cockroach barely misses you.
You see here a scroll labeled BLEEN AGEBYNEXTEO.
The giant cockroach bites you.
* * * LOW HITPOINT WARNING * * *
You aren't carrying any potions.
You barely miss the giant cockroach. Your grab misses the giant cockroach.
Your squeeze misses the giant cockroach.
The giant cockroach bites you.
You die...

#..._..?..
#....?....
#?........
#.........
##########.........
#.b....).(l...(.>..
##########b########
########s##....#
.........@.....#
########.##....#
#.......# #b.<....#
#...........
#....####### .
####.# ... ....
.o.? #.###


You could see an iguana and a giant cockroach.

Vanquished Creatures
  An orc priest (D:3)
  An orc wizard (D:3)
  A scorpion (D:4)
  An adder (D:3)
  A giant mite (D:3)
  A giant gecko (D:1)
  An orc (D:3)
  A giant cockroach (D:3)
  2 goblins (D:3)
  A hobgoblin (D:4)
  A kobold (D:4)
  A giant newt (D:2)
  3 jackals (D:3)
16 creatures vanquished.

Vanquished Creatures (collateral kills)
  An orc (D:3)
1 creature vanquished.

Grand Total: 17 creatures vanquished

Notes
Turn   | Place    | Note
--------------------------------------------------------------
     0 | D:1      | M4edhros, the Octopode Artificer, began the quest for the Orb.
     0 | D:1      | Reached XP level 1. HP: 14/14 MP: 1/1
   292 | D:3      | Reached XP level 2. HP: 9/19 MP: 3/3
   705 | D:4      | Noticed M4edhros' ghost (average OpAr)
  1019 | D:3      | Reached skill level 4 in Stealth
  1099 | D:3      | Noticed an orc priest
  1100 | D:3      | Noticed an orc wizard
  1110 | D:3      | Reached XP level 3. HP: 24/24 MP: 4/4
  1116 | D:3      | Killed an orc wizard
  1128 | D:3      | Killed an orc priest
  1128 | D:3      | Reached skill level 5 in Stealth
  1128 | D:3      | Reached XP level 4. HP: 2/29 MP: 6/6
  1513 | D:4      | Found a shimmering altar of Xom.
  1523 | D:4      | Reached skill level 6 in Stealth
  1615 | D:4      | HP: 1/29 [giant cockroach (1)]
  1621 | D:4      | HP: 1/29 [giant cockroach (1)]
  1623 | D:4      | Slain by a giant cockroach

Action                   |  1- 3 |  4- 6 || total
-------------------------+-------+-------++-------
Melee: Short sword       |    27 |       ||    27
       Falchion          |       |    14 ||    14
Evoke: Wand              |     2 |       ||     2
 Stab: Sleeping          |     3 |     4 ||     7
       Distracted        |       |     1 ||     1
